 Dungeon Crawl Stone Soup version 0.19-a0-1895-g783e625 (console) character file.

2800 ChaseSP the Spear-Bearer (level 9, -1/66 HPs)
             Began as a Merfolk Gladiator on Oct 18, 2016.
             Was a Believer of Okawaru.
             Killed from afar by a gargoyle (21 damage)
             ... with a stone arrow
             ... on level 9 of the Dungeon.
             The game lasted 00:17:12 (7231 turns).

ChaseSP the Spear-Bearer (Merfolk Gladiator)        Turns: 7231, Time: 00:17:12

Health: -1/66      AC: 12    Str: 15    XL:     9   Next: 71%
Magic:  9/9        EV: 15    Int:  7    God:    Okawaru [**....]
Gold:   423        SH:  0    Dex: 18    Spells: 0 memorised, 8 levels left

rFire  . . .     SeeInvis .     a - +0 trident
rCold  + . .     Gourm    .     o - +3 ring mail {rC+}
rNeg   + . .     Faith    .     (no shield)
rPois  .         Spirit   .     c - +1 helmet
rElec  .         Reflect  .     (no cloak)
rCorr  .         Harm     .     l - +0 pair of gloves
MR     .....                    (no boots)
Stlth  +.........               (no amulet)
                                (no ring)
                                p - ring of positive energy

@: no status effects
A: change form in water, swift swim, stealthy swim
a: Heroism, Renounce Religion


You were on level 9 of the Dungeon.
You worshipped Okawaru.
Okawaru was pleased with you.
You were not hungry.

You visited 2 branches of the dungeon, and saw 11 of its levels.
You also visited: Ossuary.

You collected 537 gold pieces.
You spent 114 gold pieces at shops.

Inventory:

Hand Weapons
 a - a +0 trident (weapon)
Missiles
 d - 3 throwing nets (quivered)
Armour
 c - a +1 helmet (worn)
 l - a +0 pair of gloves (worn)
 o - a +3 ring mail of cold resistance (worn)
Jewellery
 p - a ring of positive energy (left hand)
 K - an uncursed ring of positive energy
Wands
 u - a wand of paralysis (18/24)
 A - a wand of flame (27/48)
 H - a wand of random effects (18/48)
Scrolls
 e - 3 scrolls of identify
 h - a scroll of fog
 k - 4 scrolls of remove curse
 s - a scroll of fear {unknown}
 w - a scroll of summoning {unknown}
 x - a scroll of acquirement {unknown}
 y - a scroll of immolation {unknown}
 B - a scroll of enchant armour
 D - a scroll of amnesia
 G - 2 scrolls of enchant weapon {unknown}
 I - a scroll of holy word {unknown}
 J - a scroll of magic mapping {unknown}
Potions
 b - a potion of curing
 g - 4 potions of brilliance
 i - a potion of lignification {unknown}
 j - a potion of magic {unknown}
 m - a potion of invisibility {unknown}
 n - 2 potions of mutation {unknown}
 q - 2 potions of haste {unknown}
 r - 2 potions of flight {unknown}
 t - a potion of resistance {unknown}
 v - 4 potions of agility {unknown}
 C - a potion of experience {unknown}
Comestibles
 f - 7 bread rations
 z - 2 meat rations
 E - 6 chunks of flesh


   Skills:
 + Level 4.7 Fighting
 - Level 14.4 Polearms
 - Level 2.0 Throwing
 * Level 4.2 Armour
 + Level 6.5 Dodging


You had 8 spell levels left.
You didn't know any spells.

Dungeon Overview and Level Annotations

Branches:
Dungeon (10/15)            Temple (1/1) D:5
   Lair: D:8-11         Orc: D:9-12

Altars:
Dithmenos
Fedhas
Gozag
Hepliaklqana
Nemelex Xobeh
Okawaru
Ru
Uskayaw
The Shining One

Shops:
D:5 *


Message History

You closely miss the gargoyle.
The gargoyle is moderately damaged.
You barely miss the gargoyle.
The gargoyle is moderately damaged.
The gargoyle hurls a stone arrow at you.
The stone arrow hits you!
* * * LOW HITPOINT WARNING * * *
You are too injured to fight recklessly!
You are too injured to fight recklessly!
You are too injured to fight recklessly!
You are too injured to fight recklessly!
You are too injured to fight recklessly!
The gargoyle hurls a stone arrow at you.
The stone arrow misses you.
The gargoyle hurls a stone arrow at you.
The stone arrow misses you.
You hit the bush but do no damage.
The gargoyle hurls a stone arrow at you.
The stone arrow hits you!
You die...

#........+ ...........#.#
#........# ###.....###.##
#........##### #....##.....
#............###....#.8...8
#......PPPP...##...(#......
#......P.PPP............_..
#....#.PP_PP9###....#......
#........PP..# ######.8...8
######.PPP@..# #.##.....
#[.....##### ###.####.##
#######[###### #.<.# #..#
#..[...(# ..#
#####.#####.##
#.#####)###.#
###...........### #..
#(..#.+ ..............[..
#####.###.#.#
###............##
..#.......# #......)...#...
#.#######.# #..........#.##


You could see a gargoyle.

Vanquished Creatures
  The ghost of mamga the Markscentaur, a novice CeAM of Okawaru (D:9)
  A black bear (D:9)
  An ice beast (D:5)
  A centaur (D:9)
  2 bullfrogs
  2 elf skeletons (D:4)
  2 scorpions
  5 killer bees
  3 wights (D:8)
  6 howler monkeys
  2 crimson imps
  A bullfrog zombie (D:5)
  2 hounds
  9 orc wizards
  5 orc priests
  A human zombie (D:4)
  A human skeleton (D:4)
  An iguana (D:9)
  A worker ant (D:5)
  A big kobold zombie (Ossuary)
  8 mummies (Ossuary)
  A howler monkey skeleton (D:3)
  4 adders
  A shadow imp (D:8)
  4 oozes
  3 worms
  3 dart slugs
  6 leopard geckos
  27 orcs
  A ball python (D:3)
  7 giant cockroaches
  7 goblins
  9 hobgoblins
  5 jackals
  4 quokkas
  A ball python skeleton (D:5)
  12 bats
  7 frilled lizards
  2 hobgoblin zombies (Ossuary)
  7 kobolds
  2 leopard gecko skeletons (D:9)
  An orc skeleton (D:4)
  6 orc zombies
  8 rats
184 creatures vanquished.

Vanquished Creatures (others)
  An ugly thing (D:8)
  A centaur (D:8)
  2 iguanas (D:8)
  A worker ant (D:9)
  An adder (D:8)
  An orc (D:8)
  A quokka (D:9)
8 creatures vanquished.

Grand Total: 192 creatures vanquished

Notes
Turn   | Place    | Note
-------+----------+-------------------------------------------
     0 | D:1      | ChaseSP the Merfolk Gladiator began the quest for the Orb.
     0 | D:1      | Reached XP level 1. HP: 16/16 MP: 1/1
    79 | D:1      | Reached skill level 5 in Polearms
    79 | D:1      | Reached XP level 2. HP: 12/22 MP: 2/2
   745 | D:2      | Reached skill level 6 in Polearms
   745 | D:2      | Reached XP level 3. HP: 27/27 MP: 3/3
  1193 | D:3      | Reached skill level 7 in Polearms
  1193 | D:3      | Reached XP level 4. HP: 22/33 MP: 4/4
  1397 | D:3      | Reached skill level 8 in Polearms
  1397 | D:3      | Reached XP level 5. HP: 24/38 MP: 5/5
  2212 | D:3      | Reached skill level 9 in Polearms
  2473 | D:4      | Found a sparkling altar of Nemelex Xobeh.
  2513 | D:4      | Reached XP level 6. HP: 37/44 MP: 6/6
  2529 | D:4      | Reached skill level 10 in Polearms
  2536 | D:4      | Found a sand-covered staircase.
  2550 | Ossuary  | Entered an ossuary
  3133 | Ossuary  | Reached XP level 7. HP: 34/50 MP: 7/7
  3147 | Ossuary  | Reached skill level 11 in Polearms
  3914 | D:5      | Entered Level 5 of the Dungeon
  3987 | D:5      | Found Ufoosh Fung's General Store.
  4003 | D:5      | Bought a +0 pair of gloves for 54 gold pieces
  4003 | D:5      | Bought a potion of berserk rage for 60 gold pieces
  4262 | D:5      | Reached skill level 12 in Polearms
  4502 | D:5      | Reached XP level 8. HP: 44/56 MP: 8/8
  4519 | D:5      | Found a staircase to the Ecumenical Temple.
  4905 | D:5      | Reached skill level 13 in Polearms
  5049 | Temple   | Entered the Ecumenical Temple
  5102 | Temple   | Became a worshipper of Warmaster Okawaru
  5292 | D:6      | Found a glowing golden altar of the Shining One.
  5844 | D:7      | Noticed a kobold demonologist
  5845 | D:7      | You fall through a shaft for 2 floors!
  5947 | D:9      | Found a blossoming altar of Fedhas.
  5976 | D:9      | Reached skill level 14 in Polearms
  6125 | D:9      | Found a hazy altar of Hepliaklqana.
  6133 | D:8      | Killed a red ugly thing
  6178 | D:8      | Reached * piety under Okawaru
  6178 | D:8      | Reached skill level 1 in Armour
  6213 | D:8      | Reached XP level 9. HP: 62/62 MP: 9/9
  6231 | D:8      | Reached skill level 5 in Dodging
  6248 | D:8      | Noticed a queen bee
  6303 | D:10     | Entered Level 10 of the Dungeon
  6664 | D:9      | Noticed mamga's ghost (novice CeAM)
  6737 | D:9      | Killed mamga's ghost
  6737 | D:9      | Reached ** piety under Okawaru
  7094 | D:9      | Found a hide-covered altar of Uskayaw.
  7096 | D:9      | Noticed a hand axe
  7097 | D:9      | Noticed a dagger
  7167 | D:9      | Found an opulent altar of Gozag.
  7203 | D:9      | Noticed a gargoyle
  7231 | D:9      | Killed from afar by a gargoyle

Vault maps used:
D:1:      lemuel_arrival_behind_the_door_large, serial_park_tiny_2
D:2:      first_bread
D:3:      grunt_ministairs_10, minmay_misc_feat_alley,
          minmay_randomly_rotated_circles
D:4:      nemelex_xobeh_ov_fountains_minmay, nicolae_ossuary_entry_catacombs
D:5:      serial_shops, shop, serial_bayou_pond_d, grunt_ministairs_3,
          serial_bayou_ford_a
D:6:      nicolae_tso_carved_into_rock
D:8:      minmay_overflow_temple_star_quad, david_nohive_1, xom_confusion_cloud
D:9:      dancing_weapons_uskayaw, fedhas_bush_and_centaur_altar,
          nicolae_overflow_hidden_temple, grunt_gozag_statues, elyvilon_altar_4
D:10:     orc_david_3, uniq_erica, uniq_fannar, uniq_erolcha
Temple:   minmay_temple_curvy_loop
Ossuary:  ossuary_tomb_3

Skill      XL: |  1  2  3  4  5  6  7  8  9 |
---------------+----------------------------+-----
Polearms       | 5 6 7 8 9 10 12 14 | 14.4
Armour         | 2 4 |  4.2
Fighting       | 4 |  4.7
Dodging        | 6 |  6.5
Throwing       | |  2.0

Action                   |  1- 3 |  4- 6 |  7- 9 || total
-------------------------+-------+-------+-------++-------
Melee: Trident           |   132 |   273 |   530 ||   935
       Tailslap          |       |       |     4 ||     4
Invok: Heroism           |       |       |     2 ||     2
Evoke: Wand              |       |       |     2 ||     2
  Use: Scroll            |     1 |     5 |     6 ||    12
       Potion            |       |     1 |    13 ||    14
 Stab: Sleeping          |     2 |       |       ||     2
  Eat: Chunk             |     1 |     5 |    10 ||    16
       Meat ration       |       |       |     1 ||     1
Armor: Leather armour    |    16 |       |       ||    16
       Scale mail        |    19 |       |       ||    19
       Ring mail         |     7 |    72 |   135 ||   214
Dodge: Dodged            |    67 |   131 |   259 ||   457
